 Dungeon Crawl Stone Soup version 0.30-a0-1123-gabc949cf19 (webtiles) character file.

Game seed: 13071225810672608679

8 sleeves the Firebug (level 2, 18/19 HPs)
             Began as a Demonspawn Fire Elementalist on Apr 23, 2023.
             Quit the game on level 1 of the Dungeon.
             The game lasted 00:00:39 (282 turns).

sleeves the Firebug (Demonspawn Fire Elementalist)   Turns: 282, Time: 00:00:39

Health: 18/19      AC:  2    Str:  8    XL:     2   Next: 0%
Magic:  0/5        EV: 12    Int: 16    God:
Gold:   23         SH:  0    Dex: 13    Spells: 4/5 levels left

rFire   . . .        g - +0 dagger
rCold   . . .        (no shield)
rNeg    . . .        a - +0 robe
rPois   .            (no helmet)
rElec   .            (no cloak)
rCorr   .            (no gloves)
SInv    .            (no boots)
Will    .....        (no amulet)
Stlth   ++           (no ring)
HPRegen 0.23/turn    (no ring)
MPRegen 0.09/turn

%: no passive effects
@: very slightly contaminated
A: spiny 1
a: no special abilities


You were on level 1 of the Dungeon.
You visited 1 branch of the dungeon, and saw 1 of its levels.

You collected 23 gold pieces.

Inventory:

Hand Weapons
 g - a +0 dagger (weapon)
   (You found it on level 1 of the Dungeon)
Armour
 a - a +0 robe (worn)
Scrolls
 c - a scroll of enchant weapon {unknown}
 d - a scroll of identify {unknown}
 e - a scroll of immolation {unknown}
 f - a scroll of noise {unknown}
Potions
 b - a potion of magic


   Skills:
 - Level 1.7 Dodging
 - Level 1.7 Stealth
 - Level 2.0 Spellcasting
 - Level 1.0 Conjurations
 + Level 3.2 Fire Magic


You had 4 spell levels left.
You knew the following spells:

 Your Spells              Type           Power      Damage    Failure   Level
a - Foxfire               Conj/Fire      32%        2x1d5     9%          1

Your spell library contained the following spells:

 Spells                   Type           Power      Damage    Failure   Level
 Scorch                   Fire           24%        2d6       9%          2
 Inner Flame              Hex/Fire       6%         N/A       32%         3
 Volatile Blastmotes      Fire/Tloc      12%        2d11      32%         3
 Flame Wave               Conj/Fire      8%         2d5       65%         4


Dungeon Overview and Level Annotations

Branches:
Dungeon (1/15)

Altars:


Innate Abilities, Weirdness & Mutations

You are partially covered in sharp spines.


Message History

Welcome, sleeves the Demonspawn Fire Elementalist.
The awesome Orb of Zot lies far below, as if waiting for you to find it.
Press ? for a list of commands and other information.
Found 7 stones and a scroll labelled DOOSSUOLOO.
Found a staircase leading out of the dungeon.
c - a scroll labelled DOOSSUOLOO You now have 9 gold pieces.
Found a stone staircase leading down.
Found a chain mail.
There is a stone staircase leading down here.
You see here a +0 chain mail.
A kobold comes into view. It is wielding a +0 club.
Found a robe.
Found a stone staircase leading down.
The kobold shouts!
You conjure some foxfire!
The kobold closely misses you.
The foxfire hits the kobold.
The kobold is severely wounded.
The kobold hits you but does no damage.
Your foxfire dissipates!
The kobold hits you with a +0 club.
A kobold is nearby!
You conjure some foxfire!
The kobold closely misses you.
The foxfire hits the kobold.
You kill the kobold!
Your foxfire dissipates!
Magic restored.
A ball python comes into view.
You conjure some foxfire!
The ball python hisses angrily.
The foxfire hits the ball python.
You kill the ball python!
Your foxfire dissipates!
d - a scroll labelled JEMUENK GAFISA A rat comes into view.
A rat is nearby!
A rat is nearby!
You conjure some foxfire!
The rat twitches its whiskers.
The foxfire hits the rat.
You kill the rat!
Your foxfire dissipates!
A hobgoblin comes into view.
A hobgoblin is nearby!
A hobgoblin is nearby!
You conjure some foxfire!
The hobgoblin shouts!
The foxfire hits the hobgoblin.
You kill the hobgoblin!
Your Fire Magic skill increases to level 3!
You see here a hobgoblin corpse.
An endoplasm comes into view.
The endoplasm quivers.
You see here a scroll labelled BOTHECLOEPE.
An endoplasm is nearby!
An endoplasm is nearby!
An endoplasm is nearby!
You conjure some foxfire!
The foxfire hits the endoplasm but does no damage.
The foxfire hits the endoplasm.
The endoplasm is moderately wounded.
You conjure some foxfire!
The endoplasm misses you.
The foxfire hits the endoplasm.
The endoplasm is almost dead.
The foxfire hits the endoplasm.
You kill the endoplasm!
e - a scroll labelled BOTHECLOEPE
Found a dagger.
You see here a +0 dagger.
You now have 23 gold pieces (gained 14).
f - a scroll labelled HUYDGH BUNIECW Search for what [? for help]? dag You see here a +0 dagger.
g - a +0 dagger
g - a +0 dagger (weapon)
A rat comes into view.
A rat is nearby!
A rat is nearby!
A rat is nearby!
You conjure some foxfire!
The foxfire hits the rat.
You kill the rat!
Your foxfire dissipates!
You see here a rat corpse.
A rat comes into view.
The rat moves out of view.
A rat is nearby!
A rat is nearby!
You conjure some foxfire!
The foxfire hits the rat.
You kill the rat!
Your foxfire dissipates!
You see here a rat corpse.
A giant cockroach comes into view.
Found a metallic blue potion.
A giant cockroach is nearby!
A giant cockroach is nearby!
You miscast Foxfire.
You are very lightly contaminated with residual magic.
Nothing appears to happen.
You miscast Foxfire.
Nothing appears to happen.
The giant cockroach barely misses you. The giant cockroach bites you.
You hit the giant cockroach.
The giant cockroach is moderately wounded.
The giant cockroach misses you.
You conjure some foxfire!
The giant cockroach bites you but does no damage.
You barely miss the giant cockroach.
The giant cockroach is moderately wounded.
The foxfire hits the giant cockroach.
The giant cockroach is almost dead.
The foxfire hits the giant cockroach.
You kill the giant cockroach!
You have reached level 2!
Your demonic ancestry asserts itself...
Sharp spines emerge from parts of your body.
Are you sure you want to abandon this character and quit the game? (Confirm with "yes".)

### ## ..# .. #.# .# #.#
.# #.### .# #...#
########§###### ###.#
##...†..@.......
###.#####.†.#####†#####.
...........#.# .#
......###.#.## .!
###.#.# ##.## ### #.#.#
### #.#.# #.#.# #.#.#


There were no monsters in sight!

Vanquished Creatures
  An endoplasm (D:1)
  A giant cockroach (D:1)
  A hobgoblin (D:1)
  A kobold (D:1)
  A ball python (D:1)
  3 rats (D:1)
8 creatures vanquished.

Vanquished Creatures (others)
  17 foxfires (D:1)
17 creatures vanquished.

Grand Total: 25 creatures vanquished

Notes
Turn   | Place    | Note
-------+----------+-------------------------------------------
     0 | D:1      | sleeves the Demonspawn Fire Elementalist began the quest
                  | for the Orb.
     0 | D:1      | Reached XP level 1. HP: 13/13 MP: 3/3
   144 | D:1      | Reached skill level 3 in Fire Magic
   282 | D:1      | Gained mutation: You are partially covered in sharp spines.
                  | [demonic ancestry]
   282 | D:1      | Reached XP level 2. HP: 18/19 MP: 0/5
   282 | D:1      | Quit the game

Illustrated notes

Levels and vault maps discovered:
D:1:      psy_arrival_wood_between_worlds, layout_loops_ring

Skill      XL: |  1 |
---------------+----+-----
Fire Magic     | 3 |  3.2
Dodging        | |  1.7
Stealth        | |  1.7
Spellcasting   | |  2.0
Conjurations   | |  1.0

Action                     || total
---------------------------++-------
  Melee: Dagger            ||     2
   Cast: Foxfire           ||    10
 Armour: Robe              ||     2
  Dodge: Dodged            ||     5

Table legend: (Time is in decaauts)
 A = Elapsed time spent in this place.
 B = Non-inter-level travel time spent in this place.
 C = Inter-level travel time spent in this place.
 D = Time resting spent in this place.
 E = Time spent auto-exploring this place.
 F = Levels seen in this place.
 G = Mean time per level.
                   A        B        C        D        E       F      G
               +--------+--------+--------+--------+--------+-----+--------+
         Total |    281 |    274 |      7 |      0 |    227 |   1 |  281.0 |
       Dungeon |    281 |    274 |      7 |      0 |    227 |   1 |  281.0 |
               +--------+--------+--------+--------+--------+-----+--------+

Top non-repeatable levels by time:
     D:1: 281 daAuts
